 Dungeon Crawl Stone Soup version 0.17-a0-1011-gfa70bdd (webtiles) character file.

49 krabocopter the Slasher (level 3, 0/27 HPs)
             Began as a Demonspawn Gladiator on May 13, 2015.
             Succumbed to an adder's poison
             ... on level 2 of the Dungeon.
             The game lasted 00:03:17 (1750 turns).

krabocopter the Slasher (Demonspawn Gladiator)      Turns: 1750, Time: 00:03:17

Health: 0/27       AC:  4    Str: 12 (15) XL:     3   Next: 51%
Magic:  3/3        EV: 12    Int:  9      God:
Gold:   36         SH:  0    Dex: 14      Spells: 0 memorised, 2 levels left

rFire  . . .     SeeInvis .     a - +0 long sword
rCold  . . .     Clarity  .     b - +0 leather armour
rNeg   . . .     SustAb   .     (no shield)
rPois  .         Gourm    .     c - +0 helmet
rElec  .         Spirit   .     (no cloak)
rCorr  .         Warding  .     (no gloves)
rMut   .         Stasis   .     (no boots)
MR     .....                    (no amulet)
Stlth  +.........               (no ring)
                                (no ring)

@: lethally poisoned (0 -> -4), very slightly contaminated, hasted, very quick,
not resistant to hostile enchantments, very unstealthy
A: talons 1, rot immunity
a: no special abilities


You were on level 2 of the Dungeon.
You were hungry.

You visited 1 branch of the dungeon, and saw 2 of its levels.

You collected 36 gold pieces.

Inventory:

Hand weapons
 a - a +0 long sword (weapon)
Missiles
 d - 3 throwing nets (quivered)
Armour
 b - a +0 leather armour (worn)
 c - a +0 helmet (worn)
Jewellery
 m - an uncursed ring of magical power {unknown}
Scrolls
 f - a scroll of fear {unknown}
 g - 2 scrolls of identify {unknown}
 l - a scroll of remove curse {unknown}
 n - a scroll of magic mapping {unknown}
 p - a scroll of immolation {unknown}
 q - a scroll of teleportation {unknown}
 r - a scroll of amnesia {unknown}
Potions
 h - a potion of agility
Comestibles
 e - a bread ration
 j - a beef jerky


   Skills:
 - Level 2.0 Fighting
 + Level 4.1 Long Blades
 - Level 1.7 Throwing
 - Level 2.6 Dodging


You had 2 spell levels left.
You didn't know any spells.

Dungeon Overview and Level Annotations

Branches:
Dungeon (2/15)

Altars:
Ashenzari
Okawaru
Xom

Annotations:
D:2 Natasha


Innate Abilities, Weirdness & Mutations

You have sharp toenails.
You are immune to rotting.


Message History

The adder barely misses you.
Drink which item? (? for menu, Esc to quit)
It was a potion of haste.
You feel yourself speed up.
* * * LOW HITPOINT WARNING * * *
You feel sick. The adder bites you but does no damage.
The crimson imp blinks!
The goblin throws a stone.
The stone hits you but does no damage. The adder bites you.
* * * LOW HITPOINT WARNING * * *
You are very lightly contaminated with residual magic.
Drink which item? (? for menu, Esc to quit)
It was a potion of degeneration.
There was something very wrong with that liquid.
You feel weakened.
Natasha gestures.
Suddenly you are surrounded with a pale green light.
The goblin throws a stone.
The stone closely misses you.
You see here a stone.
The goblin throws a stone.
The stone hits you but does no damage.
You see here a stone.
You die...

##...# .......## ###
..#...... ..#
.###...## #.#
........# #.#
.).(.#..# #@#
.._K.##.########(###
.).).#..§..r5g(S...#
....§...###h#####g.#
.###...###...# ..#
..#...###...... .#..
..............#.
..#.#
#.#..######..## ...
.# ......# #... ..#
#


You could see an adder and a goblin.

Vanquished Creatures
  2 adders (D:2)
  An ooze (D:1)
  A giant gecko (D:2)
  6 goblins
  3 hobgoblins
  A quokka (D:2)
  2 bats (D:1)
  A giant newt (D:1)
  3 kobolds (D:1)
  5 rats
25 creatures vanquished.

Notes
Turn   | Place    | Note
--------------------------------------------------------------
     0 | D:1      | krabocopter the Demonspawn Gladiator began the quest for the Orb.
     0 | D:1      | Reached XP level 1. HP: 16/16 MP: 1/1
   137 | D:1      | Reached skill level 3 in Long Blades
   525 | D:1      | Gained mutation: You are immune to rotting. [demonic ancestry]
   525 | D:1      | Reached XP level 2. HP: 16/22 MP: 2/2
  1315 | D:2      | Gained mutation: You have sharp toenails. [demonic ancestry]
  1315 | D:2      | Reached XP level 3. HP: 20/27 MP: 3/3
  1320 | D:2      | Found a shattered altar of Ashenzari.
  1515 | D:2      | Found a shimmering altar of Xom.
  1515 | D:2      | Found a shimmering altar of Xom.
  1515 | D:2      | Found a shimmering altar of Xom.
  1604 | D:2      | Reached skill level 4 in Long Blades
  1720 | D:2      | Noticed Natasha
  1724 | D:2      | Found an iron altar of Okawaru.
  1746 | D:2      | HP: 1/27 [adder (3)]
  1750 | D:2      | Succumbed to an adder's poison

Vault maps used:
D:1:      eino_arrival_tree_alley, minmay_stone_trees_small,
          minmay_crystal_water
D:2:      xom_redecorated, okawaru_ov_weapons_minmay, evilmike_ruin_ashenzari,
          first_bread, uniq_natasha

Action                   || total
-------------------------++-------
Melee: Long sword        ||    79
  Use: Potion            ||     3
  Eat: Chunk             ||     2
